 Dungeon Crawl Stone Soup version 0.29-a0-664-gff9cad4a3d (webtiles) character file.

Game seed: 14098737605862356317

125614 blackman the Artisan of Death (level 17, -9/128 HPs)
             Began as a Human Ice Elementalist on June 21, 2022.
             Was a Priest of Kikubaaqudgha.
             Mangled by a salamander
             ... wielding a +0 glaive
              (10 damage)
             ... on level 3 of the Snake Pit on June 22, 2022.
             The game lasted 03:45:45 (43880 turns).

blackman the Artisan of Death (HuIE)               Turns: 43880, Time: 03:45:46

Health: -9/128     AC: 18    Str: 14    XL:     17   Next: 51%
Magic:  0/42       EV: 15    Int: 23    God:    Kikubaaqudgha [***...]
Gold:   1725       SH:  7    Dex: 13    Spells: 5/41 levels left

rFire   . . .      SeeInvis .   b - staff of death
rCold   . . .      Faith    .   T - +0 buckler
rNeg    + . .      Spirit   +   x - +2 robe {Archmagi}
rPois   .          Reflect  .   K - +2 hat {Will+}
rElec   .          Harm     .   n - +1 cloak {Will+}
rCorr   .          Rampage  .   q - +2 pair of gloves
Will    +++..      Archmagi +   r - +4 pair of boots "Uxydgh" {Str+2 Int+2 Stlth+}
Stlth   +++.......              S - amulet of guardian spirit
HPRegen 0.31/turn               y - ring of the Octopus King {Fly HP+2 AC+2 EV+2 SH+2}
MPRegen 0.28/turn               L - ring of magical power

@: lethally poisoned (-9 -> -12), death channelling, flying
A: no striking features
a: Renounce Religion, Unearth Wretches


You were on level 3 of the Snake Pit.
You worshipped Kikubaaqudgha.
Kikubaaqudgha was most pleased with you.
You visited 4 branches of the dungeon, and saw 26 of its levels.
You also visited: Ossuary and Gauntlet.

You collected 2614 gold pieces.
You spent 889 gold pieces at shops.

Inventory:

Hand Weapons
 a - the +8 hunting sling "Nyckimpo" {vorpal, Dex+3}
   (You found it on level 2 of the Dungeon)

   Any ammunition fired from it inflicts extra damage upon your enemies.
   Dex:       It affects your dexterity (+3).
 z - a +1 dagger of venom
 O - a +2 lajatang of pain
Missiles
 m - a throwing net
 B - 3 javelins
 J - a curare-tipped dart
 X - 5 silver javelins
Armour
 n - a +1 cloak of willpower (worn)
 q - a +2 pair of gloves (worn)
 r - the +4 pair of boots "Uxydgh" (worn) {Str+2 Int+2 Stlth+}
   (You acquired it on level 14 of the Dungeon)

   Str:       It affects your strength (+2).
   Int:       It affects your intelligence (+2).
   Stlth:     It makes you more stealthy.
 x - a +2 robe of the Archmagi (worn)
 F - the +4 skin of Zhor {*Englaciate rC+++ SInv}
   (You found it on level 5 of the Dungeon)

   It radiates cold, occasionally slowing all nearby creatures who are not
   resistant to cold.
   rC:        It renders you almost immune to cold.
   SInv:      It lets you see invisible.
 K - a +2 hat of willpower (worn)
 T - a +0 buckler (worn)
Magical Staves
 b - a staff of death (weapon)
Jewellery
 k - a +4 ring of slaying
 y - a ring of the Octopus King (left hand) {Fly HP+2 AC+2 EV+2 SH+2}
   (You found it on level 6 of the Lair of Beasts)

   [ring of flight]

   AC:        It affects your AC (+2).
   EV:        It affects your evasion (+2).
   HP:        It affects your health (+2).
   Fly:       It grants you flight.
   SH:        It affects your SH (+2).
 D - the ring "Girphisi" {rF+ rC- Will+ Str+4 Int+6}
   (You found it in a Gauntlet)

   [ring of intelligence]

   Str:       It affects your strength (+4).
   Int:       It affects your intelligence (+6).
   rF:        It protects you from fire.
   rC:        It makes you vulnerable to cold.
   Will:      It increases your willpower.
 L - a ring of magical power (right hand)
 S - an amulet of guardian spirit (around neck)
 V - the ring of the Demonic God {Ice +Blink rElec}
   (You found it on level 9 of the Dungeon)

   [ring of ice]

   It enhances your ice magic.
   rF:        It makes you vulnerable to fire.
   rC:        It protects you from cold.
   rElec:     It insulates you from electricity.
   +Blink:    It lets you blink.
Wands
 j - a wand of light (23)
 p - a wand of paralysis (33)
 w - a wand of digging (7)
 H - a wand of iceblast (24)
Scrolls
 h - 6 scrolls of poison
 i - 11 scrolls of amnesia
 l - a scroll of vulnerability
 s - 2 scrolls of brand weapon
 t - 6 scrolls of fog
 v - 3 scrolls of torment
 G - a scroll of teleportation
 M - 2 scrolls of enchant weapon
 N - 4 scrolls of immolation
 Q - 4 scrolls of magic mapping
 R - a scroll of fear
 W - a scroll of enchant armour
Potions
 c - 8 potions of flight
 e - 3 potions of invisibility
 f - 3 potions of berserk rage
 g - 8 potions of curing
 o - 6 potions of might
 u - 3 potions of mutation {unknown}
 A - 2 potions of ambrosia
 C - a potion of lignification
 E - 7 potions of haste
 I - 3 potions of degeneration {unknown}
 P - 7 potions of attraction {unknown}
 U - 5 potions of brilliance {unknown}
 Y - 6 potions of resistance {unknown}
 Z - 6 potions of cancellation {unknown}


   Skills:
 - Level 9.6 Fighting
 - Level 4.3 Dodging
 - Level 2.0 Stealth
 - Level 4.5 Shields
 * Level 12.8 Spellcasting
 - Level 9.0 Summonings
 * Level 20.3 Necromancy
 - Level 11.0 Ice Magic


You had 5 spell levels left.
You knew the following spells:

 Your Spells              Type           Power      Damage    Failure   Level
a - Freeze                Ice            100%       1d11      1%          1
b - Frozen Ramparts       Ice            100%       1d12      1%          3
c - Animate Dead          Necr           100%       N/A       0%          4
d - Vampiric Draining     Necr           100%       2d13      0%          3
e - Dispel Undead         Necr           100%       3d31      0%          4
f - Sublimation of Blood  Necr           100%       N/A       0%          2
g - Death Channel         Necr           63%        N/A       1%          6
h - Simulacrum            Ice/Necr       57%        N/A       1%          6
i - Haunt                 Necr/Summ      55%        N/A       11%         7

Your spell library contained the following spells:

 Spells                   Type           Power      Damage    Failure   Level
 Necrotize                Necr           100%       1d9       0%          1
 Summon Small Mammal      Summ           100%       N/A       1%          1
 Ensorcelled Hibernation  Hex/Ice        100%       N/A       1%          2
 Call Canine Familiar     Summ           71%        N/A       1%          3
 Ozocubu's Armour         Ice            78%        N/A       1%          3
 Anguish                  Hex/Necr       47%        N/A       1%          4
 Agony                    Necr           100%       N/A       1%          5
 Borgnjor's Vile Clutch   Necr/Erth      47%        N/A       2%          5
 Corpse Rot               Necr/Pois/Air  80%        N/A       3%          4
 Magic Dart               Conj           88%        1d7       5%          1
 Sandblast                Erth           44%        2d11      5%          1
 Hailstorm                Conj/Ice       56%        3d12      5%          4
 Blink                    Tloc           44%        N/A       9%          2
 Passwall                 Tmut/Erth      18%        N/A       9%          2
 Scorch                   Fire           44%        2d7       9%          2
 Searing Ray              Conj           44%        2d6       9%          2
 Static Discharge         Conj/Air       22%        N/A       9%          2
 Summon Lightning Spire   Summ/Air       52%        N/A       9%          4
 Confusing Touch          Hex            22%        N/A       16%         3
 Gell's Gravitas          Tloc           22%        N/A       16%         3
 Ignite Poison            Fire/Tmut/Pois 22%        N/A       16%         3
 Inner Flame              Hex/Fire       22%        N/A       16%         3
 Mephitic Cloud           Conj/Pois/Air  22%        N/A       16%         3
 Portal Projectile        Hex/Tloc       44%        N/A       16%         3
 Spider Form              Tmut/Pois      22%        N/A       16%         3
 Stone Arrow              Conj/Erth      44%        3d9       16%         3
 Teleport Other           Tloc           22%        N/A       16%         3
 Tukima's Dance           Hex            22%        N/A       16%         3
 Summon Forest            Summ/Tloc      26%        N/A       24%         5
 Freezing Cloud           Conj/Ice/Air   23%        6-21      32%         5
 Cause Fear               Hex            11%        N/A       47%         4
 Flame Wave               Conj/Fire      22%        2d7       47%         4
 Fulminant Prism          Conj/Hex       11%        3d9       47%         4
 Passage of Golubria      Tloc           22%        N/A       47%         4
 Sticky Flame             Conj/Fire      22%        2d4       47%         4
 Manifold Assault         Tloc           22%        N/A       83%         5
 Yara's Violent Unravell  Hex/Tmut       11%        3d6       83%         5
 Borgnjor's Revivificati  Necr           63%        N/A       9%          8
 Infestation              Necr           63%        N/A       9%          8
 Summon Cactus Giant      Summ           35%        N/A       21%         6
 Summon Hydra             Summ           35%        N/A       75%         7
 Death's Door             Necr           63%        N/A       78%         9
 Necromutation            Tmut/Necr      47%        N/A       99%         8
 Dispersal                Tloc           11%        N/A       100%        6
 Eringya's Noxious Bog    Tmut/Pois      11%        N/A       100%        6
 Enfeeble                 Hex            11%        N/A       100%        7
 Storm Form               Tmut/Air       11%        N/A       100%        7
 Discord                  Hex            11%        N/A       100%        8
 Maxwell's Capacitive Co  Air            11%        ∞         100%        8
 Polar Vortex             Ice            39%        N/A       100%        9


Dungeon Overview and Level Annotations

Branches:
Dungeon (15/15)            Temple (0/1) D:4            Lair (6/6) D:8
  Swamp (0/4) Lair:3        Snake (3/4) Lair:2        Slime (0/5) Lair:5
    Orc (2/2) D:11            Elf (0/3) Orc:2        Vaults (0/5) D:14
 Depths (0/4) D:15        Ossuary (visited)         Gauntlet (visited)

Altars:
Cheibriados
Dithmenos
Hepliaklqana
Kikubaaqudgha
Qazlal
Sif Muna
Trog
Uskayaw
Vehumet
Yredelemnul
Zin
Beogh

Shops:
D:4 (   Orc:2 ((*=   Snake:1 (?=


Message History

You are engulfed in flames!
* * * LOW HITPOINT WARNING * * *
The naga mage hits you but does no damage.
The naga mage constricts you.
Your spectral salamander tyrant hits the salamander but does no damage.
Your mana viper zombie bites the salamander!
The salamander mystic hits your wraith with a +0 quarterstaff.
Your wraith is engulfed in flames!
The salamander hits you with a +0 glaive.
* * * LOW HITPOINT WARNING * * *
You are engulfed in flames!
* * * LOW HITPOINT WARNING * * *
You escape the naga mage's grasp.
The salamander attacks as you move away!
The salamander hits you with a +0 glaive!
* * * LOW HITPOINT WARNING * * *
You are engulfed in flames!
* * * LOW HITPOINT WARNING * * *
The salamander attacks as you move away!
The salamander closely misses you.
* * * LOW HITPOINT WARNING * * *
You feel sick.
Your salamander simulacrum hits the salamander.
Your salamander simulacrum freezes the salamander!
The salamander is frozen!
Your mana viper zombie barely misses the salamander.
Your spectral guardian serpent closely misses the salamander.
The salamander hits your salamander simulacrum with a +0 glaive!
Your salamander simulacrum is engulfed in flames!
Your salamander simulacrum melts!
Your salamander simulacrum vaporises!
The naga mage hits your spectral guardian serpent with a +0 spear.
The salamander hits your black mamba zombie from afar with a +4 trident!!
Your black mamba zombie is destroyed!
Your spectral salamander tyrant barely misses the salamander.
The salamander hits you from afar with a +0 glaive.
* * * LOW HITPOINT WARNING * * *
You are engulfed in flames!
You die...
Kikubaaqudgha rasps: "You have failed me!
Welcome... death!"

......#..## ##.....##
....##....#######....#..######
..###........................#
..# #..############....####..#
..###.##############..## ##.#
..##..##..........##..# ###
...#..##..........##..#
......##...####..Z#####
......##..## ##@ZN####..
....>.##..# #N.Z......
.(....##..# #NNN......
......##..# #WZ○######
..##..#...# #.Z## .###......#
#ZZ# .# ##.....# #ZZ# .#
#..#### #..# .# #.## #..#


You could see a salamander mystic (unaware, slow), 3 salamanders, a naga mage
(fast), a friendly spectral guardian serpent, a friendly spectral salamander, a
friendly spectral salamander tyrant, a friendly wraith (summoned, weak), 5
friendly salamander simulacra and a friendly mana viper zombie.

Vanquished Creatures
  Kirke (D:13)
  A fire giant (D:13)
  An ironbound preserver (D:14)
  A minotaur (Gauntlet)
  A deep elf high priest (D:14)
  Josephine (D:11)
  6 hydras
  2 boulder beetles (D:13)
  An ice dragon (D:13)
  Erolcha (D:10)
  The ghost of logorrheac the Frost Mage, a journeyman DrFE of Sif Muna (D:12)
  A salamander tyrant (Snake:3)
  2 catoblepae
  5 centaur warriors
  An anaconda (Snake:3)
  A two-headed ogre (D:13)
  2 death yaks (Lair:5)
  A naga warrior (Snake:2)
  A nameless horror (Snake:2)
  A naga sharpshooter (Snake:2)
  3 orc high priests (Orc:2)
  2 tengu warriors
  2 skeletal warriors
  A deep elf pyromancer (D:14)
  2 wizards
  5 orc knights
  Pikel (D:6)
  4 orc sorcerers (Orc:2)
  3 cyclopes
  A mana viper (Snake:3)
  2 wolf spiders
  11 ugly things
  4 manticores
  5 salamanders
  4 elephants
  11 black mambas
  A naga mage (Snake:2)
  5 cane toads
  6 gargoyles
  6 komodo dragons
  3 rime drakes
  An efreet (D:14)
  A yaktaur (D:13)
  A tengu conjurer (D:9)
  3 freezing wraiths
  3 trolls (shapeshifter)
  A meliai (shapeshifter) (D:13)
  A merfolk (shapeshifter) (D:13)
  2 tyrant leeches (Gauntlet)
  A polar bear (Lair:6)
  4 hornets
  6 trolls
  2 blink frogs
  8 slime creatures
  3 shadows
  Sigmund (D:4)
  A centaur simulacrum (D:14)
  A spriggan (shapeshifter) (D:15)
  4 wraiths
  A vampire (D:12)
  A ynoxinul (D:8)
  5 basilisks
  A hog (D:13)
  4 wyverns
  33 yaks
  7 vampire mosquitoes
  6 wargs
  4 swamp worms (Gauntlet)
  7 nagas
  2 acid dragons
  11 water moccasins
  20 orc warriors
  2 ice beasts
  A sky beast (D:8)
  6 ogres
  6 wolves
  A boggart (D:13)
  14 centaurs
  2 phantoms
  17 bullfrogs
  4 scorpions
  A yak zombie (Lair:1)
  8 killer bees
  5 howler monkeys
  2 jellies
  3 gnoll shamans
  7 hounds
  Crazy Yiuf (D:6)
  10 orc priests
  A human zombie (Ossuary)
  2 iguanas (D:5)
  5 hell rats (Lair:4)
  20 orc wizards
  2 hound zombies (Ossuary)
  4 mummies (Ossuary)
  Robin (D:2)
  10 gnolls
  8 adders
  3 shadow imps
  5 white imps
  A worm (D:2)
  8 dart slugs
  49 orcs
  4 bats
  10 endoplasms
  3 giant cockroaches
  A gnoll zombie (Ossuary)
  20 goblins
  6 hobgoblins
  3 jackals (D:4)
  6 kobolds
  5 quokkas
  7 ball pythons
  3 frilled lizards
  2 goblin zombies (Ossuary)
  4 jackal zombies (Ossuary)
  An orc zombie (D:6)
  5 rats
  2 rat zombies (Ossuary)
551 creatures vanquished.

Vanquished Creatures (collateral kills)
  Vashnia (Snake:2)
  Rupert (D:13)
  Agnes (Snake:2)
  Donald (Orc:2)
  A very ugly thing (D:15)
  A dire elephant (Lair:6)
  A great orb of eyes (D:15)
  A rakshasa (D:15)
  A salamander tyrant (Snake:2)
  A merfolk avatar (Lair:6)
  2 boulder beetles
  2 hydras
  A centaur warrior (D:14)
  2 naga warriors (Snake:2)
  A death knight (D:15)
  4 two-headed ogres
  2 death yaks (Lair:5)
  5 slime creatures
  5 naga sharpshooters
  A naga ritualist (Snake:2)
  2 harpies (Lair:6)
  2 orc knights
  A deep elf pyromancer (D:11)
  4 cyclopes
  2 manticores
  13 ugly things
  A guardian serpent (Snake:3)
  2 salamanders
  4 black mambas
  An ice statue (D:9)
  8 elephants
  2 cane toads (Lair:6)
  5 naga magi
  A gargoyle (D:12)
  Maggie (Lair:1)
  A freezing wraith (D:15)
  2 efreet
  2 komodo dragons (Lair:6)
  3 trolls
  A nameless horror (Orc:2)
  2 wind drakes (Lair:6)
  3 polar bears
  7 blink frogs
  6 dream sheep (Lair:6)
  A blink frog (shapeshifter) (D:13)
  A centaur simulacrum (D:14)
  A wraith (D:11)
  3 wyverns
  29 yaks
  A basilisk (Lair:6)
  3 chaos spawn (Gauntlet)
  A neqoxec (Gauntlet)
  2 steam dragons
  2 vampire mosquitoes
  5 nagas (Snake:2)
  Menkaure (D:7)
  A swamp worm (Gauntlet)
  An acid dragon (D:9)
  4 water moccasins
  11 orc warriors
  A black bear (D:8)
  2 ogres
  4 boggarts (D:15)
  3 wolves (Lair:5)
  A centaur (D:15)
  A kobold brigand (D:9)
  3 bullfrogs
  An electric eel (Lair:3)
  A hound (D:7)
  5 orc priests
  A jelly (Lair:5)
  2 hell rats (Lair:4)
  19 orcs
  An endoplasm (Lair:5)
  3 kobolds (D:9)
  A plant (Lair:4)
227 creatures vanquished.

Vanquished Creatures (others)
  A nagaraja (Snake:2)
  A stone giant (D:10)
  2 fire dragons
  2 yaktaur captains (D:13)
  3 hydras
  A centaur warrior (D:9)
  An anaconda (Snake:2)
  A catoblepas (Lair:6)
  A death yak (Lair:6)
  A naga sharpshooter (Snake:2)
  A shock serpent (Snake:2)
  A sea snake (Gauntlet)
  A spriggan zombie (Snake:2)
  A naga ritualist (Snake:2)
  3 orc knights
  8 ugly thing zombies
  A deep elf pyromancer (D:9)
  A harpy (D:13)
  A wolf spider (D:13)
  2 human zombies (D:13)
  A cyclops (Gauntlet)
  A salamander (Snake:2)
  A manticore (D:9)
  4 black mambas (Snake:2)
  A merfolk siren (Gauntlet)
  4 naga magi (Snake:2)
  2 yaktaur zombies (D:13)
  A tengu conjurer (D:9)
  3 komodo dragons
  A harpy zombie (D:13)
  2 hydra zombies
  A troll (D:7)
  A polar bear (Lair:4)
  A fire dragon zombie (D:12)
  A blink frog (Lair:2)
  A slime creature (Gauntlet)
  A dream sheep (Lair:6)
  2 black mamba zombies
  A wyvern (Lair:6)
  3 humans (D:13)
  5 slime creature zombies
  A two-headed ogre zombie (D:9)
  A swamp worm (Gauntlet)
  A naga (Snake:2)
  A water moccasin (Lair:2)
  5 orc warriors (Orc:2)
  A manticore zombie (D:9)
  A black bear (D:6)
  2 ogres (Orc:2)
  A dream sheep zombie (Lair:6)
  An elf zombie (D:14)
  2 komodo dragon zombies
  2 bullfrogs
  2 wyvern zombies
  2 cyclops zombies
  3 water moccasin zombies
  A warg zombie (Orc:1)
  A polar bear zombie (Lair:6)
  11 yak zombies
  A tengu zombie (D:9)
  12 centaur zombies
  3 bullfrog zombies
  2 basilisk zombies
  A hound (D:9)
  An orc priest (Orc:2)
  A scorpion zombie (D:8)
  2 orc wizards
  3 ogre zombies
  5 naga zombies (Snake:2)
  An acid dragon zombie (D:12)
  A hell rat zombie (Lair:4)
  2 howler monkey zombies (D:12)
  A steam dragon zombie (Lair:6)
  An adder (D:9)
  A jelly zombie (Lair:5)
  3 adder zombies
  An orc (D:9)
  A ball python (D:9)
  A bat zombie (D:7)
  5 gnoll zombies (D:7)
  A quokka (D:10)
  A ball python zombie (D:9)
  A dart slug zombie (D:12)
  3 endoplasm zombies (Lair:5)
  36 orc zombies
  A quokka zombie (D:10)
  2 bushes (Lair:2)
  98 fungi
  95 plants
398 creatures vanquished.

Grand Total: 1176 creatures vanquished

Notes
Turn   | Place    | Note
-------+----------+-------------------------------------------
     0 | D:1      | blackman the Human Ice Elementalist began the quest for the
                  | Orb.
     0 | D:1      | Reached XP level 1. HP: 13/13 MP: 3/3
    77 | D:1      | You fall into a shaft and drop 1 floor!
   463 | D:1      | Reached XP level 2. HP: 19/19 MP: 3/5
   811 | D:1      | Reached XP level 3. HP: 22/24 MP: 4/6
  1200 | D:2      | Reached skill level 5 in Ice Magic
  1311 | D:2      | Identified the +8 hunting sling "Nyckimpo" {vorpal, Dex+3}
  1318 | D:2      | Noticed Robin
  1344 | D:2      | Learned a level 3 spell: Frozen Ramparts
  1444 | D:2      | Reached XP level 4. HP: 26/30 MP: 3/7
  1452 | D:2      | Killed Robin
  2109 | D:3      | Reached XP level 5. HP: 23/35 MP: 4/8
  2578 | D:3      | Found a faded altar of an unknown god.
  2646 | D:3      | Prayed at the altar of an unknown god.
  2646 | D:3      | Became a worshipper of Kikubaaqudgha
  2646 | D:3      | Reached * piety under Kikubaaqudgha
  2646 | D:3      | Received a gift from Kikubaaqudgha
  2939 | D:4      | Found a staircase to the Ecumenical Temple.
  2963 | D:4      | Noticed Sigmund
  2968 | D:4      | Killed Sigmund
  2969 | D:4      | Reached skill level 1 in Necromancy
  2969 | D:4      | Reached XP level 6. HP: 41/41 MP: 9/9
  2978 | D:4      | Reached skill level 2 in Necromancy
  3002 | D:4      | Found Veany's Antique Weapon Shop.
  3028 | D:4      | Reached XP level 7. HP: 46/46 MP: 10/10
  3195 | D:4      | Reached ** piety under Kikubaaqudgha
  3248 | D:4      | Found a radiant altar of Vehumet.
  3538 | D:5      | Entered Level 5 of the Dungeon
  3543 | D:5      | Reached skill level 3 in Necromancy
  3655 | D:5      | Found the +4 skin of Zhor {*Englaciate rC+++ SInv}
  3819 | D:5      | Reached XP level 8. HP: 36/52 MP: 7/11
  3950 | D:5      | Reached skill level 4 in Necromancy
  4036 | D:5      | Found a glowing silver altar of Zin.
  4305 | D:5      | Reached skill level 5 in Necromancy
  4394 | D:5      | Found a basalt altar of Yredelemnul.
  4783 | D:6      | Noticed Pikel
  4788 | D:6      | Paralysed by Pikel for 2 turns
  4790 | D:6      | Killed Pikel
  4791 | D:6      | Reached skill level 6 in Necromancy
  4791 | D:6      | Reached XP level 9. HP: 57/57 MP: 10/15
  4849 | D:6      | Learned a level 4 spell: Animate Dead
  4853 | D:6      | Learned a level 3 spell: Vampiric Draining
  4967 | D:6      | Reached skill level 7 in Necromancy
  5235 | D:6      | Found a hide-covered altar of Uskayaw.
  5280 | D:6      | Found an ancient bone altar of Kikubaaqudgha.
  5280 | D:6      | Found a hazy altar of Hepliaklqana.
  5354 | D:6      | Found a snail-covered altar of Cheibriados.
  5704 | D:6      | Found a runed translucent door.
  5705 | D:6      | Noticed Crazy Yiuf
  5727 | D:6      | Killed Crazy Yiuf
  6005 | D:7      | Noticed Menkaure
  6248 | D:7      | Killed Menkaure
  6249 | D:7      | Reached skill level 8 in Necromancy
  6642 | D:8      | Learned a level 4 spell: Dispel Undead
  6653 | D:8      | Noticed a komodo dragon
  6654 | D:8      | Reached XP level 10. HP: 63/63 MP: 8/16
  6675 | D:8      | Killed a komodo dragon
  6676 | D:8      | Reached skill level 10 in Ice Magic
  6923 | D:8      | Reached skill level 9 in Necromancy
  6961 | D:8      | Found a bloodstained altar of Trog.
  6971 | D:8      | Found a shimmering blue altar of Sif Muna.
  7006 | D:8      | Got Sif Muna's Almanac of Summoning
  7077 | D:8      | Found a sand-covered staircase.
  7086 | Ossuary  | Entered an ossuary
  7573 | D:8      | Learned a level 2 spell: Sublimation of Blood
  7799 | D:8      | Reached *** piety under Kikubaaqudgha
  7799 | D:8      | Received a gift from Kikubaaqudgha
  7800 | D:8      | Reached skill level 10 in Necromancy
  7840 | D:8      | Found a staircase to the Lair.
  8276 | D:9      | Noticed a two-headed ogre
  8318 | D:9      | Killed a two-headed ogre
  8408 | D:9      | Reached skill level 11 in Necromancy
  8456 | D:9      | Identified the ring of the Demonic God {Ice +Blink rElec}
  8511 | D:9      | Reached XP level 11. HP: 68/68 MP: 17/17
  9044 | D:9      | Noticed a two-headed ogre
  9143 | D:9      | Killed a two-headed ogre
  9144 | D:9      | Reached skill level 12 in Necromancy
  9431 | D:9      | Noticed a cyclops
  9447 | D:9      | Killed a cyclops
  9638 | D:10     | Entered Level 10 of the Dungeon
  9655 | D:10     | Found a shadowy altar of Dithmenos.
  9812 | D:10     | Paralysed by a hornet for 1 turns
 10105 | D:10     | Reached skill level 1 in Fighting
 10310 | D:10     | Reached skill level 1 in Shields
 10610 | D:10     | Noticed Erolcha
 10679 | Lair:1   | Entered Level 1 of the Lair of Beasts
 10833 | Lair:1   | Reached skill level 5 in Spellcasting
 11253 | Lair:1   | Noticed Maggie
 11264 | Lair:1   | Killed Maggie
 11340 | Lair:1   | Reached XP level 12. HP: 80/80 MP: 17/20
 11955 | Lair:1   | Learned a level 6 spell: Death Channel
 12756 | Lair:2   | Found a staircase to the Snake Pit.
 12871 | Lair:2   | Identified the +7 spear "Yrixzeytz" {vorpal, rC- rN+ Str+3
                  | Int+4}
 12947 | Lair:2   | Reached skill level 13 in Necromancy
 13555 | Lair:3   | Reached **** piety under Kikubaaqudgha
 13562 | Lair:3   | Reached XP level 13. HP: 49/90 MP: 11/26
 13800 | Lair:3   | Learned a level 6 spell: Simulacrum
 13835 | Lair:3   | Found a staircase to the Swamp.
 14030 | Lair:3   | Reached skill level 5 in Fighting
 14802 | Lair:4   | Reached skill level 14 in Necromancy
 15057 | Lair:4   | Identified a scroll of acquirement
 15057 | Lair:4   | Acquired a Necronomicon
 15204 | Lair:4   | Identified the +2 robe of Knowledge {+Blink Int+6 Dex+3}
 15360 | Lair:4   | Acquired the Tome of the Voyage and the Snowflakes
 15388 | Lair:4   | Noticed a catoblepas
 15410 | Lair:4   | Killed a catoblepas
 15785 | Lair:4   | Noticed an eight-headed hydra
 15790 | Lair:4   | Killed an eight-headed hydra
 16637 | Lair:5   | Found a gate leading to a gauntlet.
 16674 | Gauntlet | Entered a Gauntlet
 16674 | Gauntlet | Found a transporter.
 16674 | Gauntlet | Found a transporter.
 16765 | Gauntlet | Found a transporter.
 16856 | Gauntlet | Found a transporter.
 16866 | Gauntlet | Found a transporter.
 16869 | Gauntlet | Noticed a seven-headed hydra
 16870 | Gauntlet | Found a transporter.
 16874 | Gauntlet | Noticed a blizzard demon
 16882 | Gauntlet | Found a transporter.
 16970 | Gauntlet | Found a transporter.
 16972 | Gauntlet | Found a transporter.
 16984 | Gauntlet | Found a transporter.
 16984 | Gauntlet | Found a transporter.
 16994 | Gauntlet | Found a transporter.
 17089 | Gauntlet | Reached skill level 15 in Necromancy
 17268 | Gauntlet | Identified the ring "Girphisi" {rF+ rC- Will+ Str+4 Int+6}
 17381 | Gauntlet | Identified the +0 pair of boots of Naloun {+Inv rPois MP-9
                  | Slay+5}
 17705 | Gauntlet | Identified the +6 falchion of Havoc {holy, rCorr Str+2
                  | Int-2}
 17705 | Gauntlet | Noticed a minotaur
 17711 | Gauntlet | Killed a minotaur
 17712 | Gauntlet | Reached XP level 14. HP: 68/108 MP: 8/27
 17946 | Lair:5   | Found a staircase to the Slime Pits.
 18882 | Lair:6   | Entered Level 6 of the Lair of Beasts
 18882 | Lair:6   | Found a radiant altar of Vehumet.
 19297 | Lair:6   | Reached skill level 16 in Necromancy
 19303 | Lair:6   | Noticed a dire elephant
 19323 | Lair:6   | Killed a dire elephant
 19515 | Lair:6   | Found the ring of the Octopus King
 19567 | Lair:6   | Identified a ring of the Octopus King {Fly HP+2 AC+2 EV+2
                  | SH+2}
 19791 | Lair:6   | Reached skill level 17 in Necromancy
 20928 | D:11     | Reached ***** piety under Kikubaaqudgha
 21096 | D:11     | Found a staircase to the Orcish Mines.
 21761 | D:11     | Noticed Josephine
 21779 | D:11     | Killed Josephine
 21907 | D:11     | Identified the +4 spear "Xinekk" {chaos, rElec rCorr MP+9
                  | Str-3}
 22503 | Orc:1    | Entered Level 1 of the Orcish Mines
 23148 | Orc:2    | Entered Level 2 of the Orcish Mines
 23162 | Orc:2    | Noticed Donald
 24815 | D:12     | Found a stormy altar of Qazlal.
 24828 | D:12     | Reached XP level 15. HP: 93/113 MP: 16/28
 25623 | D:12     | Found a runed translucent gate.
 25623 | D:12     | Found a runed translucent gate.
 25624 | D:12     | Found a runed translucent gate.
 25626 | D:12     | Noticed logorrheac's ghost (journeyman DrFE)
 25654 | D:12     | Killed logorrheac's ghost
 25972 | D:12     | Reached skill level 10 in Spellcasting
 25972 | D:12     | Reached skill level 18 in Necromancy
 26112 | D:12     | Reached skill level 1 in Summonings
 26396 | D:13     | Noticed Kirke
 26406 | D:13     | Killed Kirke
 26609 | D:13     | Your ally Kirke died
 26770 | D:13     | Noticed Rupert
 27076 | D:13     | Reached skill level 5 in Summonings
 27605 | D:13     | Noticed a broodmother
 27814 | D:13     | Noticed an azure jelly
 27814 | D:13     | Noticed a quicksilver dragon
 27814 | D:13     | an azure jelly changed into a quicksilver dragon
 27886 | D:13     | Killed Rupert
 28458 | D:13     | Identified the +2 quarterstaff "Inoyvos" {vorpal, Int+4}
 28466 | D:13     | Your ally Rupert died
 29698 | D:10     | Killed Erolcha
 30135 | D:14     | Found a gate to the Vaults.
 30135 | D:14     | Noticed an ironbound preserver
 30241 | D:14     | Killed an ironbound preserver
 30242 | D:14     | Reached XP level 16. HP: 91/120 MP: 16/30
 30924 | D:14     | Learned a level 7 spell: Haunt
 31008 | D:14     | Found a shadowy altar of Dithmenos.
 31787 | D:14     | Acquired the +4 pair of boots "Uxydgh" {Str+2 Int+2 Stlth+}
 32041 | D:15     | Entered Level 15 of the Dungeon
 32416 | Orc:2    | Killed Donald
 32530 | Orc:2    | Found a staircase to the Elven Halls.
 32676 | Orc:2    | Found Udi Mia's Antique Weapon Emporium.
 34757 | Orc:2    | Reached skill level 19 in Necromancy
 35556 | Orc:2    | Found Peorch's Antique Weapon Emporium.
 35561 | Orc:2    | Found Cyl Ushe's Jewellery Boutique.
 35568 | Orc:2    | Found Hovi's General Store.
 36558 | D:15     | Found a shadowy altar of Dithmenos.
 38354 | D:15     | Found a staircase to the Depths.
 38402 | D:14     | Upgraded the game from 0.29-a0-653-gd47aff6735 to
                  | 0.29-a0-664-gff9cad4a3d
 38407 | D:14     | Reached XP level 17. HP: 126/126 MP: 30/32
 38693 | Snake:1  | Entered Level 1 of the Snake Pit
 39006 | Snake:1  | Found Piuhomui's Jewellery Boutique.
 39008 | Snake:1  | Found Rock's Magic Scroll Shop.
 39011 | Snake:1  | Found Xiurohe's Weapon Boutique.
 39016 | Snake:1  | Bought a scroll of teleportation for 48 gold pieces
 39018 | Snake:1  | Bought a +2 lajatang of pain for 841 gold pieces
 40689 | Snake:2  | Noticed Agnes
 40744 | Snake:2  | Killed Agnes
 41276 | Snake:2  | Your ally Agnes died
 41483 | Snake:2  | Reached skill level 20 in Necromancy
 41885 | Snake:2  | Noticed Vashnia
 42886 | Snake:2  | Killed Vashnia
 43880 | Snake:3  | HP: 3/128 [salamander/+0 glaive (13)]
 43880 | Snake:3  | HP: 1/128 [salamander/+0 glaive (1)]
 43880 | Snake:3  | Mangled by a salamander

Illustrated notes

Levels and vault maps discovered:
D:1:      spicycebolla_arrival_xxxplode, layout_rooms, serial_bayou,
          serial_bayou_ford_a, serial_bayou_lagoon_a, serial_bayou_crossing,
          serial_bayou_pond_c, serial_bayou_pond_c
D:2:      layout_loops_corners, uniq_robin
D:3:      layout_rooms, chequers_ecumenical_altar_simple,
          gup_sewer_entry_spiral, minmay_goblin_kobold_house
D:4:      layout_rooms, mainiacjoe_overflow_tiny_flanked,
          minmay_temple_entry_statues_fountains, serial_shops, shop,
          uniq_sigmund
D:5:      layout_cave_pools, zin_scriptorium, mainiacjoe_overflow_alcove_1,
          grunt_ministairs_4, chequers_jeans,
          hangedman_abyss_or_decor_lesser_grid
D:6:      layout_cave_pools, nicolae_uskayaw_dance_hall, jmf_multi_god_temple,
          chei_slow_surprise, minmay_diced_spiral, uniq_crazy_yiuf_cottage,
          uniq_pikel
D:7:      layout_basic, uniq_menkaure
D:8:      layout_loops_corners, nzn_overflow_gifts_of_might_and_magic,
          due_lair_maze_entry_diamond, chequers_ossuary_entry_cave
D:9:      kennysheep_blocky_room, layout_grid_maze, minmay_statue_bubble
D:10:     layout_irregular_city, mainiacjoe_overflow_small_starburst,
          minmay_misc_feat_tower, st_stairs_14, uniq_erolcha
D:11:     layout_irregular_city, hiddenorc1_lemuel, small_chamber_with_monster,
          uniq_josephine
D:12:     layout_irregular_city, biasface_ghost_orc_armoury,
          nicolae_qazlal_scattered_showers
D:13:     evilmike_diamond_2, layout_cave_pools, uniq_rupert, uniq_kirke
D:14:     layout_rooms, skrybe_vaults_entry_preservation, lemuel_crystal_altar,
          minivault_25_ag, chequers_hall_statues_corner_a, evilmike_minifort
D:15:     gammafunk_enter_depths_forms, layout_cave_pools, glass_columns_c,
          grunt_dithmenos_shadows
Lair:1:   layout_hall_layers, uniq_maggie
Lair:2:   layout_regular_city, dummy_snake_entry
Lair:3:   layout_regular_city, swamp_mist_pool, nicolae_quartered_pool_medium,
          chequers_serial_rivers_micro_c
Lair:4:   cheibrodos_lair_river_kwai, layout_loops_ring
Lair:5:   layout_loops_ring, nicolae_slime_entry_slimehenge,
          gauntlet_entry_generic, lemuel_fruit_fields
Lair:6:   gammafunk_lair_ancient_temple, layout_gridlike, basic_altar,
          infiniplex_staircase_pool_2
Snake:1:  layout_misc_corridors, minmay_shop_star
Snake:2:  layout_honeycomb, grunt_ministairs_11, uniq_agnes, uniq_vashnia
Snake:3:  layout_cave_town, nicolae_snake_gridmaze_swirls, grunt_ministairs_4
Orc:1:    cheibrodos_orc_guarddog, layout_caves
Orc:2:    st_orc_elflike, layout_caves, basic_altar,
          nicolae_orc_flooded_monolith, uniq_donald

Skill      XL: |  1  2  3  4  5  6  7  8  9 10 11 12 13 14 15 16 17 |
---------------+----------------------------------------------------+-----
Ice Magic      | 5 6 7 8 9 10 11 | 11.0
Necromancy     | 1 2 3 6 8 11 12 13 15 17 18 19 20 | 20.3
Spellcasting   | 4 5 9 10 11 12 | 12.8
Fighting       | 2 4 9 |  9.6
Shields        | 3 4 |  4.5
Dodging        | 3 4 |  4.3
Summonings     | 9 |  9.0
Stealth        | |  2.0

Action                   |  1- 3 |  4- 6 |  7- 9 | 10-12 | 13-15 | 16-18 || total
-------------------------+-------+-------+-------+-------+-------+-------++-------
Melee: Unarmed           |     6 |       |       |       |       |       ||     6
       Punch             |     1 |       |       |       |       |       ||     1
       Dagger            |       |       |       |     5 |       |       ||     5
       Staff             |       |       |       |    11 |    47 |    71 ||   129
       Lajatang          |       |       |       |       |       |     3 ||     3
 Fire: Hunting sling     |     5 |    60 |   164 |   272 |    75 |    12 ||   588
Throw: Throwing net      |       |       |       |       |     7 |     1 ||     8
       Javelin           |       |       |       |       |     9 |       ||     9
       Dart              |       |       |       |       |     4 |     1 ||     5
 Cast: Freeze            |    28 |     4 |    11 |     3 |    24 |    11 ||    81
       Frozen Ramparts   |     1 |     2 |    25 |    18 |    54 |    13 ||   113
       Animate Dead      |       |       |     5 |     9 |    38 |    25 ||    77
       Vampiric Draining |       |       |     3 |    48 |   260 |   264 ||   575
       Dispel Undead     |       |       |       |     6 |     9 |     8 ||    23
       Sublimation of Bl |       |       |       |     3 |    41 |    13 ||    57
       Death Channel     |       |       |       |     4 |    26 |     7 ||    37
       Simulacrum        |       |       |       |       |    31 |    17 ||    48
       Haunt             |       |       |       |       |       |    31 ||    31
Invok: Unearth Wretches  |       |       |     2 |     6 |    14 |     5 ||    27
Evoke: Wand              |       |       |       |     6 |     1 |       ||     7
  Use: Scroll            |       |       |    12 |    11 |    13 |     5 ||    41
       Potion            |       |       |       |     3 |    14 |     4 ||    21
 Stab: Sleeping          |     1 |       |       |       |       |       ||     1
       Paralysed         |       |       |       |       |       |     1 ||     1
Armor: Robe              |     2 |     2 |    30 |   181 |   248 |   159 ||   622
Dodge: Dodged            |    14 |       |    40 |   247 |   297 |   256 ||   854
Block: Buckler           |       |       |       |    63 |   173 |   157 ||   393

Table legend: (Time is in decaauts)
 A = Elapsed time spent in this place.
 B = Non-inter-level travel time spent in this place.
 C = Inter-level travel time spent in this place.
 D = Time resting spent in this place.
 E = Time spent auto-exploring this place.
 F = Levels seen in this place.
 G = Mean time per level.
                   A        B        C        D        E       F      G
               +--------+--------+--------+--------+--------+-----+--------+
         Total |  48272 |  45315 |   2957 |   6144 |  32782 |  28 | 1724.0 |
       Dungeon |  25353 |  23078 |   2275 |   2116 |  17560 |  15 | 1690.2 |
          Lair |   9461 |   8974 |    487 |     74 |   7577 |   6 | 1576.8 |
     Snake Pit |   6055 |   6004 |     51 |    857 |   4462 |   3 | 2018.3 |
  Orcish Mines |   5749 |   5606 |    143 |   2791 |   2207 |   2 | 2874.5 |
       Ossuary |    317 |    317 |      0 |      0 |    199 |   1 |  317.0 |
      Gauntlet |   1335 |   1335 |      0 |    306 |    776 |   1 | 1335.0 |
               +--------+--------+--------+--------+--------+-----+--------+

Top non-repeatable levels by time:
    D:14: 4232 daAuts
   Orc:1: 4165 daAuts
 Snake:2: 3670 daAuts
    D:13: 2925 daAuts
    D:12: 2498 daAuts
    D:11: 2430 daAuts
  Lair:4: 2236 daAuts
     D:9: 1853 daAuts
  Lair:2: 1714 daAuts
    D:10: 1686 daAuts
  Lair:6: 1673 daAuts
   Orc:2: 1584 daAuts
 Snake:1: 1548 daAuts
  Lair:1: 1474 daAuts
     D:8: 1414 daAuts
